 Dungeon Sprint DCSS version 0.31-a0-632-g766dd24fdf (webtiles) character file.

Game seed: 9101661835938273613

1804 sircluck the Grappler (level 8, -3/93 HPs)
             Began as a Troll Berserker on Aug 25, 2023.
             Was an Elder of Trog.
             Slain by a polar bear (6 damage)
             ... in the Dungeon (Sprint II: "The Violet Keep of Menkaure").
             The game lasted 00:04:10 (384 turns).

sircluck the Grappler (Troll Berserker)              Turns: 384, Time: 00:04:11

Health: -3/93      AC:  3    Str: 28    XL:     8   Next: 83%
Magic:  7/7        EV: 17    Int:  3    God:    Trog [****..]
Gold:   20         SH:  0    Dex:  9    Spells: 7/7 levels left

rFire   . .          .
                       - Unarmed
rCold   . . .        (no shield)
rNeg    . . .        a - +0 animal skin
rPois   .            (helmet restricted)
rElec   .            (no cloak)
rCorr   .            (gloves unavailable)
SInv    .            (boots unavailable)
Will    .....        (no amulet)
Stlth   +            j - +5 ring of evasion
HPRegen 1.15/turn    (no ring)
MPRegen 0.10/turn

%: no teleportation
@: on berserk cooldown, slowed, very slow
A: large, unfitting armour, claws 3, regeneration 1, shaggy fur 1, tough skin 1,
deformed body
a: Renounce Religion, Berserk, Trog's Hand, Brothers in Arms


You were in the Dungeon.
You worshipped Trog.
Trog was greatly pleased with you.
You visited 1 branch You collected 972 gold pieces.
You spent 952 gold pieces at shops.

Inventory:

Missiles
 h - 3 curare-tipped darts
Armour
 a - a +0 animal skin (worn)
Jewellery
 j - a +5 ring of evasion (left claw)
Scrolls
 g - a scroll of blinking
 i - a scroll of acquirement
Potions
 b - a potion of curing
 d - a potion of haste
 e - 2 potions of magic
 f - a potion of berserk rage


   Skills:
 + Level 10.2 Fighting
 + Level 10.0 Dodging
 + Level 11.9 Unarmed Combat


You had 7 spell levels left.
You didn't know any spells.
Your spell library was empty.

Dungeon Overview and Level Annotations

Branches:
Dungeon (1/1)

Altars:
Cheibriados
Dithmenos
Elyvilon
Fedhas
Gozag
Kikubaaqudgha
Makhleb
Nemelex Xobeh
Okawaru
Sif Muna
Trog
Uskayaw
Vehumet
Yredelemnul
Zin
Jiyva
Lugonu

Shops:
D :=*:!!![(=(?[[?

Annotations:
D exclusions: obsidian statue and oklob plant, Roxanne


Innate Abilities, Weirdness & Mutations

You are too large for most types of armour.
You have claws for hands.
Your natural rate of healing is unusually fast.
You are covered in fur. (AC +1)
You have tough skin. (AC +1)
Armour fits poorly on your strangely shaped body.


Message History

You barely miss the polar bear.
The polar bear is lightly wounded.
The polar bear barely misses you. The polar bear misses you.
The polar bear closely misses you. The polar bear bites you!
The polar bear completely misses you. The polar bear closely misses you.
You completely miss the polar bear.
The polar bear is lightly wounded.
The polar bear bites you! The polar bear claws you.
* * * LOW HITPOINT WARNING * * *
The polar bear barely misses you. x2; The polar bear claws you.
* * * LOW HITPOINT WARNING * * *
The polar bear barely misses you.
You mangle the polar bear!!
The polar bear is almost dead.
The polar bear goes berserk!
The polar bear misses you. The polar bear completely misses you.
The polar bear barely misses you.
You mangle the polar bear!!
You kill the polar bear!
Trog accepts your kill.
You are no longer berserk.
You are exhausted.
You feel as though you will be slow longer.
The polar bear barely misses you. The polar bear claws you.
* * * LOW HITPOINT WARNING * * *
The polar bear completely misses you.
The yaktaur wields a +0 arbalest.
The yaktaur shoots a bolt.
The bolt closely misses you.
Your Dodging skill increases to level 10!
You feel much better. The polar bear bites you. The polar bear claws you.
The polar bear barely misses you. The polar bear bites you!
The polar bear claws you but does no damage.
The polar bear claws you.
The yaktaur shoots a bolt.
The bolt hits you!!
* * * LOW HITPOINT WARNING * * *
You are engulfed in a cloud of scalding steam.
* * * LOW HITPOINT WARNING * * *
The polar bear misses you. The polar bear closely misses you. x2
The yaktaur unwields a +0 arbalest.
The yaktaur misses you. The polar bear misses you. The polar bear claws you.
* * * LOW HITPOINT WARNING * * *
The polar bear claws you.
You die...

##.#.##.####
#..##.#....# .#
##..#####..## .#
###†###.##..# .# #
###.##.#.#..# .# .#
.'.<.†###+..### .##.# )
###.##.#.#....###...##▓▓
###'###.##......c~~~~~~~
##.######~~...§h@#'#####
#.##..#~~~~~§§§§~#....._
##...##~~~~~~~§.§#...._.
~##'##~§~§§§§~§§§#..._._
~~~~~~~~§~≈≈≈§~§~#.._._.
+++#+++#§≈≈≈§§≈§§#._._._
≈≈≈§§##≈≈≈###§§#_._._.
§≈≈≈≈≈≈##≈§ #§§#._._._
§≈≈8§≈○§≈+§≈ #≈§#_._._.


You could see a polar bear (berserk) and a yaktaur.

Vanquished Creatures
  A hornet (D)
  A polar bear (D)
  4 neqoxecs (D)
  2 wyverns (D)
  Menkaure (D)
  A water moccasin (D)
  4 scorpions (D)
  A hell rat (D)
  3 worms (D)
18 creatures vanquished.

Vanquished Creatures (collateral kills)
  A polar bear (D)
1 creature vanquished.

Grand Total: 19 creatures vanquished

Notes
Turn   | Place    | Note
-------+----------+-------------------------------------------
     0 | D        | sircluck the Troll Berserker began the quest for the Orb.
     0 | D        | Reached XP level 1. HP: 22/22 MP: 0/0
    12 | D        | Noticed Roxanne
    20 | D        | Reached ** piety under Trog
    21 | D        | Reached XP level 2. HP: 29/31 MP: 1/1
    22 | D        | Noticed Menkaure
    25 | D        | Killed Menkaure
    26 | D        | Reached skill level 5 in Fighting
    26 | D        | Reached skill level 5 in Dodging
    26 | D        | Reached skill level 6 in Unarmed Combat
    26 | D        | Reached XP level 3. HP: 17/42 MP: 2/2
    26 | D        | Reached XP level 4. HP: 20/50 MP: 3/3
    53 | D        | Noticed a wyvern
    53 | D        | Noticed a wyvern
    57 | D        | Noticed a neqoxec
    57 | D        | Noticed a neqoxec
    64 | D        | Killed a neqoxec
    65 | D        | Reached skill level 7 in Unarmed Combat
    65 | D        | Reached XP level 5. HP: 61/61 MP: 4/4
    68 | D        | Killed a neqoxec
    68 | D        | Reached *** piety under Trog
    69 | D        | Reached skill level 8 in Unarmed Combat
    69 | D        | Reached XP level 6. HP: 71/71 MP: 5/5
    71 | D        | Noticed a neqoxec
    71 | D        | Noticed an obsidian statue
    75 | D        | Noticed a neqoxec
    76 | D        | Killed a neqoxec
    76 | D        | Gained mutation: Armour fits poorly on your strangely
                  | shaped body. [a neqoxec]
    77 | D        | Reached skill level 9 in Unarmed Combat
    80 | D        | Killed a neqoxec
    81 | D        | Reached XP level 7. HP: 42/80 MP: 6/6
    90 | D        | HP: 3/80 [poison (poison gas)]
    95 | D        | HP: 4/80 [poison (poison gas)]
   102 | D        | Found Madghisam's Magic Scroll Emporium.
   104 | D        | Found Keka's Antique Armour Shoppe.
   164 | D        | Found Nieghot's Jewellery Shoppe.
   164 | D        | Found Yzeih's Weapon Emporium.
   164 | D        | Found Emmocyus's Antique Armour Shoppe.
   165 | D        | Found Irudun's Distillery.
   165 | D        | Found Upi Cism's Distillery.
   166 | D        | Found Douvo's Magic Scroll Shoppe.
   166 | D        | Found Baxa's Book Emporium.
   169 | D        | Reached **** piety under Trog
   176 | D        | Found Kyrgh's General Store.
   176 | D        | Found Iwebim's Jewellery Emporium.
   177 | D        | Found Rimuzxio's Antique Armour Shoppe.
   177 | D        | Found Voonec's Distillery.
   178 | D        | Found Syzuik's Antique Weapon Emporium.
   185 | D        | Reached skill level 10 in Unarmed Combat
   209 | D        | Killed a wyvern
   211 | D        | Killed a wyvern
   211 | D        | Reached ***** piety under Trog
   212 | D        | Reached XP level 8. HP: 92/92 MP: 7/7
   214 | D        | Reached skill level 11 in Unarmed Combat
   280 | D        | Noticed an oklob plant
   281 | D        | Found Notius's Book Shoppe.
   282 | D        | Noticed a fire dragon
   297 | D        | Bought a scroll of acquirement for 520 gold pieces
   312 | D        | Bought a +5 ring of evasion for 432 gold pieces
   356 | D        | Found a blossoming altar of Fedhas.
   356 | D        | Found an opulent altar of Gozag.
   357 | D        | Found a sparkling altar of Nemelex Xobeh.
   358 | D        | Found an iron altar of Okawaru.
   359 | D        | Found a white marble altar of Elyvilon.
   359 | D        | Found a burning altar of Makhleb.
   359 | D        | Found a radiant altar of Vehumet.
   360 | D        | Found a shadowy altar of Dithmenos.
   360 | D        | Found a corrupted altar of Lugonu.
   360 | D        | Found a hide-covered altar of Uskayaw.
   361 | D        | Found an ancient bone altar of Kikubaaqudgha.
   361 | D        | Found a snail-covered altar of Cheibriados.
   361 | D        | Found a bloodstained altar of Trog.
   361 | D        | Found a glowing silver altar of Zin.
   361 | D        | Noticed a polar bear
   361 | D        | Noticed a polar bear
   362 | D        | Found a viscous altar of Jiyva.
   362 | D        | Found a shimmering blue altar of Sif Muna.
   362 | D        | Found a basalt altar of Yredelemnul.
   363 | D        | Noticed a hornet
   364 | D        | Noticed a polar bear
   365 | D        | Noticed a yaktaur
   371 | D        | Killed a polar bear
   372 | D        | Paralysed by a hornet for 1 turns
   377 | D        | Killed a hornet
   378 | D        | Reached skill level 10 in Fighting
   382 | D        | Killed a polar bear
   383 | D        | Reached skill level 10 in Dodging
   384 | D        | HP: 3/93 [polar bear (5)]
   384 | D        | Slain by a polar bear

Illustrated notes

Levels and vault maps discovered:
D:        the_violet_keep_of_menkaure [sprint2_stairs_cluster_1,
          sprint2_shoproom, sprint2_temple, sprint2_basic_supplies,
          sprint2_obstacle_3, sprint2_obstacle_5, sprint2_obstacle_6,
          sprint2_obstacle_7, sprint2_obstacle_4, sprint2_timed_cluster_1,
          sprint2_smallroom_cluster_1, sprint2_smallroom_final_cluster_1,
          sprint2_transparent_cluster_1, sprint2_second_timed_cluster_1,
          sprint2_sniper_area_1, sprint2_heavy_combat_area_1,
          sprint2_mutation_trap_area_1, sprint2_forest_area_1,
          sprint2_light_combat_area_1, sprint2_behind_water_1,
          sprint2_near_end_vault_1]

Skill      XL: |  1  2  3  4  5  6  7  8 |
---------------+-------------------------+-----
Fighting       | 3 5 6 7 8 9 10 | 10.2
Dodging        | 3 5 6 7 9 10 | 10.0
Unarmed Combat | 6 7 8 9 10 11 | 11.9

Action                     |  1- 3 |  4- 6 |  7- 9 || total
---------------------------+-------+-------+-------++-------
  Melee: Unarmed           |    12 |    12 |    33 ||    57
         Punch             |     1 |     1 |       ||     2
 Invoke: Berserk           |       |     1 |     2 ||     3
         Brothers in Arms  |       |       |     1 ||     1
    Use: Potion            |       |       |     1 ||     1
 Armour: Animal skin       |       |     2 |     5 ||     7
  Dodge: Dodged            |     3 |     1 |    49 ||    53

Table legend: (Time is in decaauts)
 A = Elapsed time spent in this place.
 B = Non-inter-level travel time spent in this place.
 C = Inter-level travel time spent in this place.
 D = Time resting spent in this place.
 E = Time spent auto-exploring this place.
 F = Levels seen in this place.
 G = Mean time per level.
                   A        B        C        D        E       F      G
               +--------+--------+--------+--------+--------+-----+--------+
         Total |    393 |    357 |     36 |    145 |     15 |   1 |  393.0 |
       Dungeon |    393 |    357 |     36 |    145 |     15 |   1 |  393.0 |
               +--------+--------+--------+--------+--------+-----+--------+

Top non-repeatable levels by time:
       D: 393 daAuts
